 Dungeon Crawl Stone Soup version 0.31-a0-234-gad7ace16ef (webtiles) character file.

Game seed: 3657652941313058573

3948 Nattfarinn the Skirmisher (level 10, -1/80 HPs)
             Began as a Human Hexslinger on July 10, 2023.
             Was a Believer of Okawaru.
             Slain by a cyan ugly thing (12 damage)
             ... on level 7 of the Dungeon.
             The game lasted 00:21:07 (8196 turns).

Nattfarinn the Skirmisher (Human Hexslinger)        Turns: 8196, Time: 00:21:08

Health: -1/80      AC:  9    Str: 10    XL:     10   Next: 44%
Magic:  12/12      EV: 18    Int: 15    God:    Okawaru [**....]
Gold:   464        SH:  0    Dex: 23    Spells: 10/11 levels left

rFire   . . .        b - +2 longbow
rCold   . . .        (shield currently unavailable)
rNeg    . . .        E - +0 steam dragon scales
rPois   .            (no helmet)
rElec   .            (no cloak)
rCorr   .            x - +0 pair of gloves
SInv    .            y - +1 pair of boots
Will    .....        H - amulet of magic regeneration
Stlth   ++           t - +5 ring of evasion
HPRegen 0.33/turn    u - +6 ring of dexterity
MPRegen 0.53/turn

%: clarity
@: about to teleport
A: clarity, wild magic 1
a: Renounce Religion, Heroism


You were on level 7 of the Dungeon.
You worshipped Okawaru.
Okawaru was pleased with you.
You visited 2 branches of the dungeon, and saw 10 of its levels.
You also visited: Ossuary.

You collected 464 gold pieces.

Inventory:

Hand Weapons
 a - the +4 rapier of the Bear {pain, rF+ rC+}
   (You found it on level 6 of the Dungeon)

   rF:        It protects you from fire.
   rC:        It protects you from cold.
 b - a +2 longbow (weapon)
 m - a +1 sling
 q - a +2 dagger of venom
 F - a +4 orcbow
Missiles
 c - a throwing net
Armour
 j - a +0 leather armour
 x - a +0 pair of gloves (worn)
 y - a +1 pair of boots (worn)
 B - +0 fire dragon scales
 E - +0 steam dragon scales (worn)
Jewellery
 t - a +5 ring of evasion (left hand)
 u - a +6 ring of dexterity (right hand)
 z - a ring of ice
 H - an amulet of magic regeneration (around neck)
Wands
 h - a wand of roots (17)
 w - a wand of mindburst (7)
 G - a wand of digging (4)
Scrolls
 d - 3 scrolls of fog
 e - a scroll of blinking
 i - 3 scrolls of silence
 k - 2 scrolls of teleportation
 l - 3 scrolls of vulnerability
 o - a scroll of amnesia
 p - 2 scrolls of poison
 s - 2 scrolls of immolation
 A - a scroll of identify
Potions
 f - 12 potions of degeneration
 g - 3 potions of haste {unknown}
 n - a potion of enlightenment {unknown}
 v - a potion of experience {unknown}
 C - 2 potions of curing {unknown}
 D - a potion of cancellation


   Skills:
 - Level 8.1 Fighting
 - Level 10.2 Ranged Weapons
 - Level 5.2 Armour
 - Level 2.0 Dodging
 - Level 1.0 Spellcasting
 - Level 3.0 Hexes
 + Level 3.9 Invocations


You had 10 spell levels left.
You knew the following spells:

 Your Spells              Type           Power      Damage    Failure   Level
a - Slow                  Hex            48%        N/A       11%         1

Your spell library contained the following spells:

 Spells                   Type           Power      Damage    Failure   Level
 Confusing Touch          Hex            12%        N/A       30%         3
 Beastly Appendage        Tmut           0%         N/A       32%         1
 Wereblood                Tmut           0%         N/A       45%         2
 Inner Flame              Hex/Fire       6%         N/A       45%         3
 Portal Projectile        Hex/Tloc       12%        N/A       45%         3
 Cause Fear               Hex            6%         N/A       65%         4
 Gell's Gravitas          Tloc           0%         N/A       67%         3
 Hailstorm                Conj/Ice       0%         3d3       67%         3
 Spider Form              Tmut/Pois      0%         N/A       67%         3
 Teleport Other           Tloc           0%         N/A       67%         3
 Vampiric Draining        Necr           0%         2d6       67%         3
 Leda's Liquefaction      Hex/Erth       3%         N/A       85%         4
 Ice Form                 Ice/Tmut       0%         N/A       96%         4
 Dispersal                Tloc           0%         N/A       100%        6
 Call Canine Familiar     Summ           Unusable   N/A       N/A         3
 Simulacrum               Ice/Necr       Unusable   N/A       N/A         6

Dungeon Overview and Level Annotations

Branches:
Dungeon (9/15)             Temple (1/1) D:7         Ossuary (visited)
   Lair: D:8-11         Orc: D:9-12

Altars:
Ashenzari
Cheibriados
Dithmenos
Elyvilon
Gozag
Hepliaklqana
Kikubaaqudgha
Makhleb
Nemelex Xobeh
Okawaru
Qazlal
Ru
Sif Muna
Uskayaw
Vehumet
Xom
Yredelemnul
Zin
The Shining One


Innate Abilities, Weirdness & Mutations

You possess an exceptional clarity of mind.
Your spells are a little harder to cast, but a little more powerful.


Message History

The killer bee attacks as you move away!
The killer bee barely misses you. The killer bee misses you.
The cyan ugly thing attacks as you move away!
The cyan ugly thing misses you. The killer bee closely misses you.
The cyan ugly thing attacks as you move away!
The cyan ugly thing closely misses you. The killer bee closely misses you.
The killer bee attacks as you move away!
The killer bee completely misses you. The killer bee barely misses you.
The killer bee misses you.
The killer bee attacks as you move away!
The killer bee stings you. The killer bee completely misses you.
Your magical contamination has completely faded away.
There is a stone staircase leading up here.
The killer bee completely misses you. x2
The cyan ugly thing barely misses you.
You climb upwards.
Reactivating autopickup.
There is a stone staircase leading down here.
The killer bee stings you but does no damage.
The killer bee barely misses you. The killer bee closely misses you. x2
The killer bee attacks as you move away!
The killer bee misses you.
The cyan ugly thing attacks as you move away!
The cyan ugly thing completely misses you.
There is a stone staircase leading up here.
The killer bee closely misses you. The cyan ugly thing closely misses you.
You climb upwards.
There is a stone staircase leading down here.
You shoot an arrow.
The arrow hits the cyan ugly thing but does no damage.
The cyan ugly thing engulfs you! The cyan ugly thing shocks you!
As you read the scroll of teleportation, it crumbles to dust.
You feel strangely unstable. The cyan ugly thing engulfs you!
* * * LOW HITPOINT WARNING * * *
The cyan ugly thing shocks you!
* * * LOW HITPOINT WARNING * * *
The cyan ugly thing attacks as you move away!
The cyan ugly thing engulfs you!
You die...

#....##.##....## #.###
###.##.........###.#..
##...###.##.....#.....#
#...###...#...........#
##.................##.#
#.................##.#
####.....##..........#
#>u...##[.........#
##@...............#
##.............###.#
#......###.....# #.#
##..........##.###..
##....##.......#...
####'###......####
#.....#......#...
#.8.8.#......#...
#.._..#......#..8


You could see a cyan ugly thing.

Vanquished Creatures
  A gargoyle (D:6)
  Maggie (D:8)
  A hornet (D:7)
  A steam dragon (D:8)
  2 water moccasins
  An ice beast (D:6)
  A sky beast (D:8)
  An orc warrior (D:8)
  An ogre (D:6)
  3 centaurs
  2 kobold brigands
  2 phantoms
  A bullfrog (D:6)
  2 scorpions
  13 killer bees (D:8)
  A vampire bat (D:7)
  A howler monkey (D:5)
  2 centaur zombies (Ossuary)
  A jelly (D:6)
  5 hounds
  7 orc priests
  7 iguanas
  8 orc wizards
  A statue (D:7)
  4 mummies (Ossuary)
  Robin (D:4)
  3 gnolls (D:4)
  5 adders
  2 shadow imps
  2 ufetubi
  3 worms
  2 dart slugs
  19 orcs
  2 bat skeletons (D:7)
  3 bat zombies (D:7)
  8 endoplasms
  15 giant cockroaches
  12 goblins
  11 hobgoblins
  2 jackals (D:1)
  5 quokkas
  7 ball pythons
  7 bats
  A frilled lizard (D:1)
  2 goblin zombies (Ossuary)
  13 kobolds
  2 kobold zombies (Ossuary)
  2 orc zombies (Ossuary)
  9 rats
208 creatures vanquished.

Notes
Turn   | Place    | Note
-------+----------+-------------------------------------------
     0 | D:1      | Nattfarinn the Human Hexslinger began the quest for the
                  | Orb.
     0 | D:1      | Reached XP level 1. HP: 15/15 MP: 2/2
   268 | D:1      | Reached XP level 2. HP: 22/22 MP: 3/3
   450 | D:1      | Reached XP level 3. HP: 27/27 MP: 4/4
  1407 | D:2      | Reached XP level 4. HP: 28/34 MP: 5/5
  1445 | D:2      | Found a faded altar of an unknown god.
  1662 | D:2      | Found a stormy altar of Qazlal.
  1875 | D:3      | Reached skill level 3 in Ranged Weapons
  2096 | D:3      | Reached XP level 5. HP: 41/41 MP: 6/6
  2518 | D:3      | Reached XP level 6. HP: 49/49 MP: 7/7
  2797 | D:4      | Noticed Robin
  2829 | D:4      | Killed Robin
  2864 | D:4      | Reached skill level 4 in Ranged Weapons
  2975 | D:4      | Reached skill level 5 in Fighting
  3113 | D:4      | Reached XP level 7. HP: 56/56 MP: 8/8
  3649 | D:5      | Entered Level 5 of the Dungeon
  4027 | D:5      | Reached skill level 5 in Ranged Weapons
  4043 | D:5      | Reached XP level 8. HP: 11/65 MP: 9/9
  4090 | D:5      | Found a sand-covered staircase.
  4132 | Ossuary  | Entered an ossuary
  4336 | Ossuary  | Gained mutation: You do not regenerate when monsters are
                  | visible. [potion of mutation]
  4537 | Ossuary  | Lost mutation: You do not regenerate when monsters are
                  | visible. [potion of mutation]
  4537 | Ossuary  | Gained mutation: You possess an exceptional clarity of
                  | mind. [potion of mutation]
  4537 | Ossuary  | Gained mutation: Your spells are a little harder to cast,
                  | but a little more powerful. [potion of mutation]
  4837 | D:6      | Reached skill level 6 in Ranged Weapons
  4990 | D:6      | Noticed a gargoyle
  4999 | D:6      | Killed a gargoyle
  5000 | D:6      | Reached skill level 7 in Ranged Weapons
  5000 | D:6      | Reached XP level 9. HP: 68/74 MP: 10/10
  5091 | D:6      | Identified the +4 rapier of the Bear {pain, rF+ rC+}
  5129 | D:6      | Reached skill level 8 in Ranged Weapons
  5821 | D:7      | Reached skill level 9 in Ranged Weapons
  5867 | D:7      | Noticed a hornet
  5871 | D:7      | Killed a hornet
  5945 | D:7      | Found a stormy altar of Qazlal.
  5986 | D:7      | Found a sacrificial altar of Ru.
  6049 | D:7      | Found an ancient bone altar of Kikubaaqudgha.
  6090 | D:7      | Found a staircase to the Ecumenical Temple.
  6098 | Temple   | Entered the Ecumenical Temple
  6249 | Temple   | Became a worshipper of Warmaster Okawaru
  6468 | D:7      | Found a radiant altar of Vehumet.
  6670 | D:8      | Reached skill level 1 in Invocations
  6727 | D:8      | Reached skill level 10 in Ranged Weapons
  6921 | D:8      | Reached XP level 10. HP: 80/80 MP: 11/11
  6956 | D:8      | Reached skill level 1 in Armour
  6966 | D:8      | Reached * piety under Okawaru
  7032 | D:8      | Noticed Maggie
  7044 | D:8      | Killed Maggie
  7250 | D:8      | Found a white marble altar of Elyvilon.
  7257 | D:8      | Reached skill level 5 in Armour
  7654 | D:8      | Reached ** piety under Okawaru
  8174 | D:9      | Noticed a cyan ugly thing
  8196 | D:7      | Slain by a cyan ugly thing

Illustrated notes

Levels and vault maps discovered:
D:1:      kennysheep_arrival_seaside, layout_basic, minmay_misc_feat_square
D:2:      layout_loops_cross, chequers_ecumenical_altar_simple, basic_altar
D:3:      minmay_roachtagon, layout_loops_ring, grunt_ministairs_9
D:4:      layout_gridville, minmay_misc_feat_plants, minivault_26,
          minmay_misc_feat_pillars, chequers_serial_rivers_small_a, uniq_robin
D:5:      layout_rooms, nicolae_ossuary_entry_ruins, minmay_misc_feat_tower
D:6:      layout_basic
D:7:      layout_cave_pools, kennysheep_little_box, old_standard_altar,
          vehumet_statue, kennysheep_vampire_church,
          minmay_temple_entry_statues_fountains, kennysheep_dice
D:8:      layout_rooms, elyvilon_altar_4, eino_jars, uniq_maggie
D:9:      layout_basic, nicolae_overflow_hidden_temple, lightli_fourway_metalbox
Temple:   eino_narrow_crystal_temple

Skill      XL: |  1  2  3  4  5  6  7  8  9 10 |
---------------+-------------------------------+-----
Fighting       | 2 3 4 5 6 8 |  8.1
Ranged Weapons | 3 4 5 7 10 | 10.2
Invocations    | 2 3 |  3.9
Armour         | 5 |  5.2
Dodging        | |  2.0
Spellcasting   | |  1.0
Hexes          | |  3.0

Action                     |  1- 3 |  4- 6 |  7- 9 | 10-12 || total
---------------------------+-------+-------+-------+-------++-------
  Melee: Dagger            |       |       |    35 |       ||    35
         Rapier            |       |       |       |     9 ||     9
   Fire: Sling             |   122 |    25 |       |       ||   147
         Longbow           |       |   114 |   245 |    93 ||   452
   Cast: Slow              |     6 |       |       |       ||     6
    Use: Scroll            |       |     6 |     6 |     4 ||    16
         Potion            |       |       |     8 |     2 ||    10
   Stab: Invisible         |       |       |     1 |       ||     1
 Armour: Robe              |     6 |       |       |       ||     6
         Leather armour    |     3 |    14 |    32 |       ||    49
         Skin              |       |       |     1 |       ||     1
         Fire dragon scale |       |       |     5 |     6 ||    11
         Steam dragon scal |       |       |       |    30 ||    30
  Dodge: Dodged            |    29 |    58 |   208 |   163 ||   458

Table legend: (Time is in decaauts)
 A = Elapsed time spent in this place.
 B = Non-inter-level travel time spent in this place.
 C = Inter-level travel time spent in this place.
 D = Time resting spent in this place.
 E = Time spent auto-exploring this place.
 F = Levels seen in this place.
 G = Mean time per level.
                   A        B        C        D        E       F      G
               +--------+--------+--------+--------+--------+-----+--------+
         Total |   8441 |   7950 |    491 |   1047 |   5388 |  11 |  767.4 |
       Dungeon |   7800 |   7344 |    456 |    821 |   5159 |   9 |  866.7 |
        Temple |    166 |    131 |     35 |      0 |    124 |   1 |  166.0 |
       Ossuary |    473 |    473 |      0 |    226 |    105 |   1 |  473.0 |
               +--------+--------+--------+--------+--------+-----+--------+

Top non-repeatable levels by time:
     D:8: 1215 daAuts
     D:1: 1106 daAuts
     D:6: 1032 daAuts
     D:3: 971 daAuts
     D:4: 947 daAuts
     D:7: 862 daAuts
     D:2: 744 daAuts
     D:5: 733 daAuts
 Ossuary: 473 daAuts
     D:9: 186 daAuts
  Temple: 166 daAuts
